Map: Vaani Research Station (Void)

Players

Musumeci - Winner!

  • Race: Zerg Zerg
  • League: Diamond
  • Spawn Location: 6:00

MichyMoko

  • Race: Zerg Zerg
  • Spawn Location: 12:00

VOD

Have the link to the VOD?

Description

Time

  • Played on: Jan. 1, 2017, 3:25 p.m.
  • Length: 11:13
Show
View Real Time Build Order
Export as new Build Order

Musumeci Zerg - Winner!

Build Orders: Hatch First 

Get SALT Encoding   

  12  0:05  Drone  
  13  0:11  Drone  
  14  0:21  Drone, Extractor  
  15  0:30  Overlord  
  15  0:47  Extractor  
  15  0:51  Drone x3  
  18  1:02  Hatchery  
  17  1:26  Drone x3  
  17  1:32  Spawning Pool  
  19  1:49  Drone x2  
  19  1:51  Extractor  
  19  2:09  Drone  
  19  2:11  Drone  
  21  2:19  Queen x2  
  21  2:20  Drone x2  
  27  2:30  Drone  
  27  2:32  Overlord  
  28  2:50  Overlord  
  28  2:51  Zergling x2  
  28  2:52  Zergling x2  
  28  2:54  Zergling x2  
  31  3:00  Metabolic Boost  
  31  3:05  Drone x2  
  33  3:07  Drone  
  34  3:14  Hatchery  
  33  3:21  Drone x2  
  35  3:29  Roach Warren  
  35  3:31  Lair  
  35  3:33  Drone x2, Extractor  
  35  3:34  Drone  
  35  3:37  Drone  
  35  3:39  Drone  
  38  3:42  Drone  
  39  3:59  Drone x5  
  42  4:09  Roach  
  43  4:10  Extractor  
  43  4:12  Overlord  
  43  4:13  Overlord  
  42  4:22  Roach  
  44  4:28  Roach x3  
  50  4:37  Roach  
  50  4:38  Roach x5  
  60  4:54  Roach  
  60  4:55  Roach x2  
  66  5:07  Glial Reconstitution  
  66  5:13  Overlord x2  
  66  5:14  Overlord  
  66  5:31  Queen  
  66  5:32  Drone x6  
  66  5:33  Evolution Chamber  
  66  5:34  Roach, Evolution Chamber  
  72  5:44  Ravager  
  72  5:45  Ravager x2  
  72  5:49  Overlord  
  75  5:59  Roach x3  
  77  6:13  Drone x10  
  87  6:20  Ravager  
  87  6:21  Ravager x2  
  90  6:27  Extractor  
  79  7:14  Roach x10  
  90  7:29  Overlord x5  
  87  7:39  Zerg Ground Armor Level 1, Zerg Missile Weapons Level 1  
  85  7:48  Roach x9  
  99  7:53  Ravager  
  99  7:54  Ravager x2  
  99  7:55  Extractor  
  99  7:56  Extractor  
  99  7:58  Ravager  
  101  8:10  Drone x3  
  101  8:11  Drone  
  101  8:12  Drone x2  
  107  8:19  Ravager  
  109  8:20  Ravager  
  109  8:23  Overlord  
  109  8:26  Ravager  
  110  8:46  Hydralisk Den  
  110  8:47  Roach  
  110  8:48  Roach x10  
  129  9:07  Spore Crawler x2  
  127  9:10  Spore Crawler  
  127  9:13  Roach x5  
  98  9:35  Spore Crawler  
  98  9:38  Spore Crawler x2  
  93  9:39  Spore Crawler x2  
  93  9:41  Hydralisk, Spore Crawler  
  93  9:42  Hydralisk x13  
  117  9:48  Muscular Augments  
  117  9:55  Overlord x2  
  112  10:14  Drone x5  
  112  10:15  Drone x4  
  112  10:18  Hydralisk  
  112  10:19  Hydralisk x4  
  131  10:22  Ravager x4  
  131  10:25  Ravager  
  136  10:30  Ravager  
  136  10:35  Ravager  
  134  10:47  Roach x3  
Show
View Real Time Build Order
Export as new Build Order

MichyMoko Zerg 

Build Orders: Hatch First 

Get SALT Encoding   

  12  0:11  Drone  
  13  0:24  Overlord  
  13  0:36  Drone  
  14  0:45  Drone x2  
  14  0:49  Drone  
  17  1:02  Hatchery  
  16  1:13  Drone x2  
  18  1:22  Spawning Pool  
  18  1:23  Drone  
  18  1:28  Extractor  
  17  1:39  Drone  
  18  1:45  Drone  
  19  1:54  Drone  
  20  2:04  Drone  
  21  2:13  Queen  
  21  2:14  Queen  
  25  2:17  Overlord  
  25  2:19  Zergling x2  
  26  2:29  Roach Warren  
  25  2:33  Metabolic Boost  
  25  2:37  Drone  
  25  2:42  Drone  
  27  2:51  Drone x3  
  30  3:00  Queen  
  30  3:04  Drone  
  33  3:08  Drone  
  33  3:11  Zergling x2  
  35  3:20  Overlord x2  
  34  3:40  Roach  
  34  3:41  Roach x3  
  42  3:50  Zergling x4  
  43  4:28  Drone  
  43  4:30  Overlord x3  
  43  4:31  Overlord  
  42  4:48  Zergling x2  
  42  4:49  Zergling x10  
  42  4:50  Drone  
  42  4:51  Drone x4  
  52  5:04  Lair  
  52  5:08  Extractor  
  51  5:18  Drone  
  51  5:19  Drone x4  
  56  5:32  Drone x3  
  58  5:38  Zergling x6  
  58  5:48  Roach x3  
  64  5:58  Roach  
  64  5:59  Roach x3  
  67  6:15  Queen  
  69  6:23  Extractor  
  69  6:25  Glial Reconstitution, Extractor  
  68  6:30  Spire  
  66  6:33  Overlord  
  66  6:34  Overlord  
  66  6:35  Drone x3, Evolution Chamber  
  66  6:36  Evolution Chamber  
  66  6:37  Roach x2  
  63  7:32  Ravager  
  63  7:33  Queen  
  66  7:42  Queen  
  68  7:52  Mutalisk x2  
  68  7:53  Zergling x2  
  68  7:54  Zergling x12  
  79  8:11  Drone x3  
  82  8:20  Mutalisk  
  82  8:21  Mutalisk  
  86  8:38  Hatchery  
  85  8:51  Overlord x4  
  85  9:07  Hatchery  
  75  9:27  Zergling x14  
  82  9:42  Overlord x2  
  82  9:43  Zergling x2  
  82  9:44  Hatchery, Zergling x6  
  85  9:57  Zergling x4  
  71  10:14  Roach x4  
  77  10:26  Mutalisk x2  
  77  10:27  Extractor  
  77  10:28  Extractor  
Tags
 
Add a new tag
Caveats
  • Supply blocks, unpowered buildings, or Contaminate may cause inaccurate times.
  • Supply counts are checked every 10 seconds.